 Dungeon Crawl Stone Soup version 0.13.1-22-g086cdba (webtiles) character file.

1765 Kae the Martial Artist (level 8, -1/62 HPs)
             Began as a Purple Draconian Transmuter on Jan 1, 2014.
             Slain by a goliath beetle (23 damage)
             ... on Level 7 of the Dungeon.
             The game lasted 00:22:32 (8865 turns).

Kae the Martial Artist (DrTm)                       Turns: 8865, Time: 00:22:32

HP  -1/62        AC  8     Str 15      XL: 8   Next: 56%
MP  12/12        EV 12     Int 15      God:
Gold 227         SH  0     Dex 13      Spells:  3 memorised,  5 levels left

Res.Fire  : . . .   See Invis. : .     - Unarmed
Res.Cold  : . . .   Warding    : .   (armour unavailable)
Life Prot.: + . .   Conserve   : +   (no shield)
Res.Poison: .       Res.Corr.  : .   (helmet restricted)
Res.Elec. : .       Clarity    : .   F - +0 cloak
Sust.Abil.: . .     Spirit.Shd : .   (no gloves)
Res.Mut.  : .       Stasis     : .   v - +0 pair of dwarf boots
Res.Rott. : .       Flight     : .   i - amulet of conservation
Saprovore : . . .                    B - +3 ring of strength
                                     t - cursed ring of positive energy

@: appendage (expiring), somewhat resistant to hostile enchantments, unstealthy
A: breathe power, unfitting armour, horns 2, AC +6
a: Breathe Dispelling Energy, End Transformation


You were on level 7 of the Dungeon.
You were hungry.
You had grown temporary horns.
You visited 1 branch of the dungeon, and saw 7 of its levels.

You collected 269 gold pieces.
You spent 62 gold pieces at shops.

Inventory:

Missiles
 b - 148 arrows
 l - 8 arrows of dispersal
 C - 6 arrows of frost
Armour
 v - a +0 pair of dwarven boots (worn)
 F - a +0 cloak (worn)
Magical devices
 o - a wand of teleportation (7)
 p - a wand of frost (0)
 x - a wand of flame (4)
Comestibles
 a - 2 bread rations
 u - 3 meat rations
 K - a rotting chunk of orc flesh
Scrolls
 c - 3 scrolls of curse weapon {unknown}
 g - a scroll of teleportation
 h - a scroll of identify
 m - 2 scrolls of fear {unknown}
 q - a scroll of curse armour {unknown}
 A - a scroll of remove curse {unknown}
 D - a scroll of blinking
 E - a scroll of immolation {unknown}
 H - a scroll of random uselessness {unknown}
 J - a scroll of enchant weapon I
Jewellery
 e - an uncursed ring of protection from magic {unknown}
 i - an amulet of conservation (around neck)
 k - an uncursed ring of sustain abilities
 t - a cursed ring of positive energy (left hand)
 y - an uncursed amulet of rage
 B - a +3 ring of strength (right hand)
 G - an uncursed amulet of guardian spirit {unknown}
Potions
 f - a potion of brilliance
 j - 2 potions of curing {unknown}
 n - 3 potions of restore abilities {unknown}
 r - a potion of slowing {unknown}
 s - a potion of confusion {unknown}
 w - a potion of might {unknown}
 z - a potion of cure mutation {unknown}
 L - a potion of resistance {unknown}
Books
 d - a book of Changes

   Spells                             Type                      Level
   *Beastly Appendage                 Transmutation                1
   *Sticks to Snakes                  Transmutation                2
   *Spider Form                       Transmutation/Poison         3
   Ice Form                           Ice/Transmutation            4
   Blade Hands                        Transmutation                5


   Skills:
 + Level 3.5 Fighting
 - Level 1.7 Dodging
 * Level 8.6 Unarmed Combat
 - Level 2.4 Spellcasting
 * Level 6.7 Transmutations


You had 5 spell levels left.
You knew the following spells:

 Your Spells              Type           Power        Failure   Level  Hunger
a - Beastly Appendage     Trmt           ###...       1%          1    #......
b - Sticks to Snakes      Trmt           ###.......   1%          2    ##.....
c - Spider Form           Trmt/Pois      ##........   21%         3    ####...


Dungeon Overview and Level Annotations

Branches:
Dungeon (7/27)
 Temple: D:4-7          Orc: D:6-11

Altars:
Nemelex Xobeh
Okawaru
Trog
Xom

Shops:
D:4 =   D:5 =

Annotations:
D:3 Kae's ghost, average DrTm
D:6 Eustachio; Grinder; Sigmund


Innate Abilities, Weirdness & Mutations

You can breathe bolts of energy.*
You can dispel enchantments when you breathe energy.*
Your rich purple scales are hard (AC +6).*
Your body does not fit into most forms of armour.
Your cold-blooded metabolism reacts poorly to cold.
You have a pair of horns on your head.*


Message History

You are too injured to fight recklessly!
You are too injured to fight recklessly!
You are too injured to fight recklessly!
You closely miss the hobgoblin. The hobgoblin barely misses you.
You hit the hobgoblin.
The hobgoblin is moderately wounded.
You barely miss the hobgoblin. Your headbutt misses the hobgoblin.
Your tail-slap misses the hobgoblin.
The hobgoblin is moderately wounded.
The hobgoblin hits you with an orcish club.
* * * LOW HITPOINT WARNING * * *
The goliath beetle bites you but does no damage.
You hit the hobgoblin but do no damage. Your headbutt misses the hobgoblin.
You tail-slap the hobgoblin, but do no damage.
The hobgoblin is moderately wounded.
The hobgoblin hits you but does no damage.
You punch the hobgoblin!
You kill the hobgoblin!
The goliath beetle bites you!
You die...

###########
.............
............#
#..........#
#..........#
#..........#
#..B@......#
#...)......#
#..........#
#..........#
############


You could see a goliath beetle.

Vanquished Creatures
  Edmund (D:6)
  A sky beast (D:6)
  An ogre (D:5)
  An orc warrior (D:5)
  A centaur (D:6)
  3 phantoms (D:4)
  4 crimson imps
  An orc priest (D:6)
  2 jellies
  Crazy Yiuf (D:5)
  4 worker ants
  An orc wizard (D:5)
  2 hounds
  3 iguanas
  A worker ant zombie (D:5)
  8 adders
  5 worms
  5 giant geckos
  14 orcs
  13 bats
  8 giant cockroaches
  19 hobgoblins
  4 jackals
  2 quokkas
  A giant gecko skeleton (D:5)
  4 giant newts
  A giant newt skeleton (D:4)
  13 goblins
  16 kobolds
  An orc zombie (D:5)
  2 quokka skeletons
  A quokka zombie (D:3)
  10 rats
154 creatures vanquished.

Notes
Turn   | Place    | Note
--------------------------------------------------------------
     0 | D:1      | Kae, the Draconian Transmuter, began the quest for the Orb.
     0 | D:1      | Reached XP level 1. HP: 16/16 MP: 1/1
   360 | D:1      | Reached XP level 2. HP: 21/23 MP: 3/3
   882 | D:2      | Found a bloodstained altar of Trog.
   882 | D:2      | Found a sparkling altar of Nemelex Xobeh.
   989 | D:2      | Reached XP level 3. HP: 28/28 MP: 4/4
  1104 | D:2      | Reached skill level 4 in Unarmed Combat
  2137 | D:2      | Reached XP level 4. HP: 26/35 MP: 6/6
  2438 | D:3      | Noticed Kae's ghost (average DrTm)
  2839 | D:3      | Found a shimmering altar of Xom.
  3454 | D:3      | Reached XP level 5. HP: 27/40 MP: 7/7
  3787 | D:4      | Reached skill level 5 in Unarmed Combat
  3884 | D:4      | Found an iron altar of Okawaru.
  4040 | D:4      | Noticed a phantom
  4102 | D:4      | Killed a phantom
  4102 | D:4      | Reached XP level 6. HP: 28/47 MP: 7/9
  4218 | D:4      | Found Raxtoej's Jewellery Emporium.
  4227 | D:4      | Bought a cursed -3 ring of intelligence for 22 gold pieces
  4270 | D:4      | Noticed a phantom
  4306 | D:4      | Killed a phantom
  4306 | D:4      | Reached skill level 6 in Unarmed Combat
  4531 | D:4      | Noticed a phantom
  4575 | D:4      | Killed a phantom
  4575 | D:4      | Your scales start taking on a rich purple colour.
  4575 | D:4      | Reached XP level 7. HP: 23/52 MP: 11/11
  4996 | D:5      | Entered Level 5 of the Dungeon
  5332 | D:5      | Reached skill level 7 in Unarmed Combat
  5539 | D:5      | Found Exas' Jewellery Shop.
  5565 | D:5      | Bought an uncursed amulet of inaccuracy for 20 gold pieces
  5565 | D:5      | Bought a cursed ring of hunger for 20 gold pieces
  5742 | D:5      | Reached skill level 5 in Transmutations
  6328 | D:5      | Noticed Crazy Yiuf
  6336 | D:5      | Killed Crazy Yiuf
  6954 | D:6      | Reached XP level 8. HP: 24/61 MP: 10/12
  7139 | D:6      | Reached skill level 8 in Unarmed Combat
  7378 | D:6      | Noticed Edmund
  7394 | D:6      | Killed Edmund
  7817 | D:6      | Noticed Eustachio
  8372 | D:6      | Noticed Grinder
  8374 | D:6      | Paralysed by Grinder for 4 turns
  8439 | D:4      | Learned a level 2 spell: Sticks to Snakes
  8443 | D:4      | Learned a level 3 spell: Spider Form
  8789 | D:6      | Noticed Sigmund
  8865 | D:7      | Slain by a goliath beetle

Action                   |  1- 3 |  4- 6 |  7- 9 || total
-------------------------+-------+-------+-------++-------
Melee: Unarmed           |   175 |   285 |   258 ||   718
 Cast: Beastly Appendage |     4 |    19 |    24 ||    47
       Spider Form       |       |       |     1 ||     1
 Abil: Breathe Dispellin |       |       |    13 ||    13
Evoke: Wand              |       |     2 |     1 ||     3
  Use: Scroll            |     4 |     8 |       ||    12
       Potion            |     2 |       |     2 ||     4
 Stab: Sleeping          |       |     1 |       ||     1
